 Dungeon Crawl Stone Soup version 0.31-a0-175-g9f7f995f2b (webtiles) character file.

Game seed: 8141167054783231638

639 qw the Chopper (level 7, -5/44 HPs)
             Began as a Gargoyle Fighter on June 16, 2023.
             Was an Initiate of Okawaru.
             Slain by a two-headed ogre
             ... wielding a +0 giant spiked club
              (17 damage)
             ... on level 6 of the Dungeon.
             The game lasted 00:02:04 (4714 turns).

qw the Chopper (Gargoyle Fighter)                   Turns: 4714, Time: 00:02:05

Health: -5/44      AC: 15    Str: 21    XL:     7   Next: 51%
Magic:  7/7        EV: 13    Int:  9    God:    Okawaru [......]
Gold:   189        SH:  4    Dex:  9    Spells: 6/6 levels left

rFire   . . .        Y - +1 war axe
rCold   . . .        c - +0 buckler
rNeg    + + .        g - +0 chain mail
rPois   inf          (helmet restricted)
rElec   +            i - +0 cloak
rCorr   .            (no gloves)
SInv    .            (no boots)
Will    .....        (no amulet) Stlth
                     j - +5 ring of evasion
HPRegen 0.27/turn    k - ring of positive energy
MPRegen 0.10/turn

%: no passive effects
@: no status effects
A: sickness immunity, AC +4, negative energy resistance 1, electricity
resistance, torment resistance 1, petrification resistance, horns 1, camouflage
1, evolution 1
a: Renounce Religion


You were on level 6 of the Dungeon.
You worshipped Okawaru.
Okawaru was noncommittal.
You visited 2 branches of the dungeon, and saw 7 of its levels.

You collected 189 gold pieces.


Innate Abilities, Weirdness & Mutations

You are immune to sickness and miasma.
Your stone body is resilient. (AC +4)
You are immune to poison.
You resist negative energy. (rN+)
You are resistant to electric shocks. (rElec)
You are resistant to unholy torment.
You are immune to petrification.
You have a pair of small horns on your head.
Your skin changes colour to match your surroundings (Stealth+).
You have hidden genetic potential.


   Skills:
 - Level 4.5 Fighting
 + Level 6.8 Axes
 - Level 3.2 Armour
 - Level 1.0 Dodging
 - Level 3.2 Shields


You had 6 spell levels left.
You didn't know any spells.
Your spell library was empty.

Inventory:

Hand Weapons
 n - the +6 mace of In Flagrante Delicto {speed, Fly rPois}
   (You found it on level 5 of the Dungeon)

   rPois:     It protects you from poison.
   Fly:       It grants you flight.
 Y - a +1 war axe (weapon)
Armour
 c - a +0 buckler (worn)
 g - a +0 chain mail (worn)
 i - a +0 cloak (worn)
Jewellery
 j - a +5 ring of evasion (left hand)
 k - a ring of positive energy (right hand)
Scrolls
 a - 2 scrolls of identify
 f - a scroll of enchant armour {unknown}
Potions
 b - a potion of mutation
 d - a potion of might
 e - 3 potions of curing
 l - 2 potions of haste
 m - a potion of cancellation

Dungeon Overview and Level Annotations

Branches:
Dungeon (6/15)             Temple (1/1) D:5

Altars:
Ashenzari
Cheibriados
Dithmenos
Elyvilon
Fedhas
Gozag
Hepliaklqana
Makhleb
Nemelex Xobeh
Okawaru
Qazlal
Sif Muna
Trog
Uskayaw
Vehumet
Wu Jian
Xom
Yredelemnul
Zin
The Shining One

Shops:
D:1 !

Annotations:
D:4 3 runed translucent doors, qw's ghost, novice NaHu


Message History

You closely miss the adder. Your headbutt misses the adder.
The adder misses you. The adder barely misses you.
You hit the adder.
The adder is severely wounded.
The adder bites you but does no damage.
You hit the adder.
The adder is severely wounded.
The adder bites you. You block the adder's attack.
You barely miss the adder. Your headbutt misses the adder.
The adder is severely wounded.
The adder barely misses you. You block the adder's attack.
You slash the adder!
You kill the adder!
Okawaru accepts your kill.
Found a ring mail.
You now have 189 gold pieces (gained 14).
Found a stone staircase leading up.
l - 2 potions of haste (gained 1)
There is a stone staircase leading up here.
f - a scroll labelled OLAASCH ANISTRU A two-headed ogre comes into view.
It is wielding a +0 giant spiked club and a +0 dire flail.
Found a stone staircase leading down.
Enter note:
Enter note: You slash the two-headed ogre!
The two-headed ogre is lightly wounded.
The two-headed ogre hits you but does no damage.
The two-headed ogre hits you with a +0 dire flail.
You slash the two-headed ogre!
The two-headed ogre is moderately wounded.
The two-headed ogre hits you with a +0 giant spiked club!!
Ouch! That really hurt!
The two-headed ogre hits you but does no damage.
You barely miss the two-headed ogre.
The two-headed ogre is moderately wounded.
You hit the two-headed ogre.
Your headbutt misses the two-headed ogre.
The two-headed ogre is moderately wounded.
The two-headed ogre hits you with a +0 giant spiked club!
You die...

####..............
#..#...##......... ...
#................##...
###....[.##..#.#........
........................
#...............[.......
..........#.####...#....
#.....<........#.O......
.....#..........@.....#
########....#####.....#
#....# ....... ##.#...
......# #.#.##. ......#
..... . ..##..# ...#.##
>.. ..# ... .#


You could see a two-headed ogre.

Vanquished Creatures
  A black bear (D:5)
  An ogre (D:5)
  A scorpion (D:4)
  A jelly (D:4)
  An orc priest (D:5)
  3 iguanas
  Jessica (D:2)
  An orc wizard (D:4)
  Terence (D:2)
  4 gnolls (D:5)
  7 adders
  2 worms
  2 dart slugs
  8 orcs
  5 ball pythons
  7 endoplasms
  A giant cockroach (D:4)
  9 goblins
  5 hobgoblins
  7 jackals
  A quokka (D:4)
  3 bats (D:1)
  3 frilled lizards
  5 kobolds
  7 rats
87 creatures vanquished.

Notes
Turn   | Place    | Note
-------+----------+-------------------------------------------
     0 | D:1      | qw the Gargoyle Fighter began the quest for the Orb.
     0 | D:1      | Reached XP level 1. HP: 14/14 MP: 1/1
     0 | D:1      | 0 ||| qw: Version: 0.2-a-29-g511e9b1
     0 | D:1      | 0 ||| qw: Game counter: 5713
     0 | D:1      | 0 ||| qw: Always use a shield: true
     0 | D:1      | 0 ||| qw: God list: Okawaru
     0 | D:1      | 0 ||| qw: Allow faded altars: false
     0 | D:1      | 0 ||| qw: Do Orc after D:15 true
     0 | D:1      | 0 ||| qw: Do second Lair branch before Depths: true
     0 | D:1      | 0 ||| qw: Lair rune preference: random
     0 | D:1      | 0 ||| qw: Plans: Normal, Zot:1-4, Slime:5, God:TSO, Crypt,
                  | Tomb, Abyss, Pan, Hells, Win
     0 | D:1      | 0 ||| PLANNING D:1-11
    34 | D:1      | Reached skill level 2 in Axes
   137 | D:1      | Reached XP level 2. HP: 19/19 MP: 2/2
   152 | D:1      | Found Ofal's Distillery.
   179 | D:1      | 179 ||| SHOPLISTING 2 potions of curing (84 gold, have 4).
   179 | D:1      | 179 ||| SHOPLISTING 2 potions of mutation (224 gold, have
                  | 4).
   179 | D:1      | 179 ||| SHOPLISTING potion of curing (42 gold, have 4).
   179 | D:1      | 179 ||| SHOPLISTING potion of heal wounds (70 gold, have
                  | 4).
   179 | D:1      | 179 ||| SHOPLISTING potion of magic (112 gold, have 4).
   179 | D:1      | 179 ||| SHOPLISTING potion of mutation (112 gold, have 4).
   621 | D:1      | Reached skill level 3 in Axes
   956 | D:1      | 956 ||| DROPPING ring of flight.
   957 | D:1      | 957 ||| READING 2 scrolls labelled GOEWIT UMEGOS.
   958 | D:1      | 958 ||| READING scroll labelled GIRRIU COAXT.
   959 | D:1      | 959 ||| READING 2 scrolls labelled RUCRU CIBI.
   960 | D:1      | 960 ||| DRINKING 2 cyan potions.
   961 | D:1      | 961 ||| DROPPING scroll of fog.
  1010 | D:2      | 1010 ||| Stepping ~*~*~tactically~*~*~ (stealth).
  1016 | D:2      | Reached XP level 3. HP: 20/23 MP: 3/3
  1270 | D:2      | Noticed Jessica
  1276 | D:2      | Killed Jessica
  1277 | D:2      | Reached XP level 4. HP: 28/28 MP: 4/4
  1401 | D:2      | Reached skill level 4 in Axes
  1418 | D:2      | 1418 ||| Stepping ~*~*~tactically~*~*~ (hiding).
  1419 | D:2      | 1419 ||| Stepping ~*~*~tactically~*~*~ (hiding).
  1420 | D:2      | 1420 ||| Stepping ~*~*~tactically~*~*~ (hiding).
  1538 | D:2      | Noticed Terence
  1543 | D:2      | 1543 ||| Stepping ~*~*~tactically~*~*~ (stealth).
  1549 | D:2      | Killed Terence
  1568 | D:2      | 1568 ||| FLEEEEING.
  1584 | D:2      | 1584 ||| DROPPING +0 club.
  1747 | D:2      | 1747 ||| Stepping ~*~*~tactically~*~*~ (stealth).
  1937 | D:2      | 1937 ||| UPGRADING to +0 helmet.
  1942 | D:2      | 1942 ||| READING scroll labelled YXOLYO QAS UPH.
  2056 | D:3      | 2056 ||| Stepping ~*~*~tactically~*~*~ (stealth).
  2064 | D:3      | 2064 ||| Stepping ~*~*~tactically~*~*~ (stealth).
  2065 | D:3      | 2065 ||| FLEEEEING.
  2072 | D:3      | 2072 ||| Stepping ~*~*~tactically~*~*~ (stealth).
  2116 | D:3      | 2116 ||| Stepping ~*~*~tactically~*~*~ (stealth).
  2275 | D:3      | 2275 ||| Stepping ~*~*~tactically~*~*~ (stealth).
  2282 | D:3      | Reached XP level 5. HP: 32/32 MP: 5/5
  2611 | D:3      | Reached skill level 5 in Axes
  2653 | D:3      | 2653 ||| Stepping ~*~*~tactically~*~*~ (hiding).
  2768 | D:3      | Found a faded altar of an unknown god.
  2929 | D:3      | 2929 ||| UPGRADING to +0 chain mail.
  2939 | D:3      | 2939 ||| DROPPING +0 scale mail.
  2940 | D:3      | 2940 ||| READING scroll labelled PIUGIS DOCS.
  2941 | D:3      | 2941 ||| READING 2 scrolls of identify.
  2941 | D:3      | 2941 ||| IDENTIFYING inky potion
  2942 | D:3      | 2942 ||| DROPPING potion of enlightenment.
  3159 | D:4      | Found a runed translucent gate.
  3160 | D:4      | Found a runed translucent gate.
  3162 | D:4      | Found a runed translucent gate.
  3172 | D:4      | Noticed qw's ghost (novice NaHu)
  3330 | D:4      | Reached XP level 6. HP: 33/39 MP: 6/6
  3385 | D:4      | 3385 ||| Stepping ~*~*~tactically~*~*~ (stealth).
  3403 | D:4      | 3403 ||| Stepping ~*~*~tactically~*~*~ (water).
  3619 | D:4      | 3619 ||| UPGRADING to +0 cloak.
  3624 | D:4      | 3624 ||| UPGRADING to +5 ring of evasion.
  3625 | D:4      | 3625 ||| READING scroll labelled XAAZIX ICUSH.
  3626 | D:4      | 3626 ||| DRINKING 2 bubbling puce potions.
  3626 | D:4      | Gained mutation: You have a pair of small horns on your
                  | head. [potion of mutation]
  3626 | D:4      | Gained mutation: You have hidden genetic potential. [potion
                  | of mutation]
  3627 | D:4      | 3627 ||| DROPPING +0 helmet.
  3628 | D:4      | 3628 ||| READING 3 scrolls of identify.
  3628 | D:4      | 3628 ||| IDENTIFYING smoky blue potion
  3629 | D:4      | 3629 ||| READING 2 scrolls of identify.
  3629 | D:4      | 3629 ||| IDENTIFYING black potion
  3630 | D:4      | 3630 ||| DROPPING potion of degeneration.
  3643 | D:5      | Entered Level 5 of the Dungeon
  3704 | D:5      | Found a staircase to the Ecumenical Temple.
  3705 | D:5      | 3705 ||| PLANNING TEMPLE
  3713 | D:5      | 3713 ||| UPGRADING to ring of positive energy.
  3714 | D:5      | 3714 ||| READING scroll labelled VUPTIUXZUT.
  3715 | D:5      | 3715 ||| READING 3 scrolls of identify.
  3715 | D:5      | 3715 ||| IDENTIFYING white potion
  3722 | Temple   | Entered the Ecumenical Temple
  3751 | Temple   | 3751 ||| PLANNING OKAWARU WORSHIP
  4075 | Temple   | Became a worshipper of Warmaster Okawaru
  4076 | Temple   | 4076 ||| PLANNING D:1-11
  4130 | D:5      | 4130 ||| Stepping ~*~*~tactically~*~*~ (hiding).
  4132 | D:5      | 4132 ||| Stepping ~*~*~tactically~*~*~ (hiding).
  4139 | D:5      | Reached skill level 6 in Axes
  4281 | D:5      | Reached XP level 7. HP: 42/44 MP: 7/7
  4289 | D:5      | Reached skill level 1 in Dodging
  4378 | D:5      | 4378 ||| Stepping ~*~*~tactically~*~*~ (stealth).
  4396 | D:5      | Identified the +6 mace of In Flagrante Delicto {speed, Fly
                  | rPois}
  4398 | D:5      | 4398 ||| DROPPING +0 flail.
  4495 | D:5      | 4495 ||| Stepping ~*~*~tactically~*~*~ (stealth).
  4496 | D:5      | 4496 ||| Stepping ~*~*~tactically~*~*~ (stealth).
  4511 | D:5      | Gained mutation: Your skin changes colour to match your
                  | surroundings (Stealth+). [hidden potential]
  4638 | D:5      | 4638 ||| READING scroll labelled NONIEW BONLECUM.
  4639 | D:5      | 4639 ||| READING scroll labelled ISOUKEUCUN.
  4705 | D:6      | Noticed a two-headed ogre
  4714 | D:6      | Slain by a two-headed ogre

Levels and vault maps discovered:
D:1:      sevenhm_arrival_forest_fort_large_4, layout_basic, serial_shops, shop
D:2:      layout_basic, due_unseen_surprise, uniq_terence, uniq_jessica
D:3:      layout_basic, shapermc_ecumenical_altar_mp_urbaneastern,
          guppyfry_early_orc_mine
D:4:      nicolae_cairo_tiling_very_big, layout_gridville,
          ebering_ghost_rock_garden, reono_crystal_passage, serial_bayou_pond_b,
          serial_park_tiny_2, hex_tiny
D:5:      layout_cave_pools, temple_green
D:6:      layout_basic, mainiacjoe_overflow_surrounded_room,
          uniq_crazy_yiuf_cottage
Temple:   mainiacjoe_temple_cubbyholes

Skill      XL: |  1  2  3  4  5  6  7 |
---------------+----------------------+-----
Axes           | 2 3 4 5 6 |  6.8
Fighting       | 4 |  4.5
Dodging        | 1 |  1.0
Armour         | |  3.2
Shields        | |  3.2

Action                     |  1- 3 |  4- 6 |  7- 9 || total
---------------------------+-------+-------+-------++-------
  Melee: War axe           |    73 |   145 |    28 ||   246
         Headbutt          |       |       |     4 ||     4
    Use: Scroll            |     3 |     8 |     2 ||    13
         Potion            |     1 |     1 |       ||     2
 Armour: Scale mail        |    25 |    39 |       ||    64
         Chain mail        |       |    23 |     8 ||    31
  Dodge: Dodged            |    27 |    55 |    25 ||   107
  Block: Buckler           |    15 |    17 |     4 ||    36

Table legend:
 A = Non-vault XP
 B = Vault XP
 C = Vault XP percentage of total XP
 D = Non-vault monster count
 E = Vault monster count
 F = Vault count percentage of total count
                 A         B        C        D         E       F
            +---------+---------+-------+---------+---------+-------
      Total |     706 |     208 |  22.8 |      72 |      15 |  17.2
            +---------+---------+-------+---------+---------+-------
        D:1 |      32 |       0 |   0.0 |      20 |       0 |   0.0
        D:2 |      36 |      69 |  65.7 |      14 |       2 |  12.5
        D:3 |      88 |      17 |  16.2 |      13 |       7 |  35.0
        D:4 |     123 |     122 |  49.8 |      12 |       6 |  33.3
        D:5 |     414 |       0 |   0.0 |      12 |       0 |   0.0
        D:6 |      13 |       0 |   0.0 |       1 |       0 |   0.0
            +---------+---------+-------+---------+---------+-------
